[Event "SWE-ch Masters 2019"]
[Site "Eskilstuna"]
[Date "2019.07.10"]
[Round "5.8"]
[White "Carlsson, Andreas"]
[Black "Emmoth, Alfons"]
[Result "1/2-1/2"]
[ECO "D00"]
[WhiteElo "2019"]
[BlackElo "2075"]
[Annotator "NA"]
[PlyCount "82"]
[EventDate "2019.07.06"]
[EventType "swiss"]
[EventCountry "SWE"]
[SourceTitle "playchess.com"]
[Source "ChessBase"]
[SourceQuality "1"]
[TimeControl "40/5400+30:1800+30"]

1. d4 Nf6 2. Nf3 g6 3. Nc3 d5 4. Bf4 Bg7 5. e3 O-O 6. Be2 a6 7. Ne5 e6 8. h4 Nbd7 9. h5 Nxe5 10. Bxe5 Ne4 11. Bxg7 Nxc3 12. bxc3 Kxg7 13. f4 Bd7 14. g4 f6 15. Qd2 Bc6 16. Rh3 b5 17. Bf3 Qe7 18. a3 Rae8 19. Qh2 Rh8 20. Kd2 e5 21. dxe5 g5 22. h6+ Kf7 23. Rg3 Rhf8 24. Rf1 Kg8 25. Be2 fxe5 26. f5 Qf6 27. Bd3 Rd8 28. Rh3 Be8 29. Rb1 c5 30. Qf2 Rf7 31. Qe1 Rb7 32. Kc1 Qd6 33. c4 Rdb8 34. cxd5 Qxd5 35. e4 Qf7 36. Qe3 Qe7 37. Rf3 c4 38. Be2 Qf6 39. Qc3 Bf7 40. Rf1 Rd8 41. Rd1 Rxd1+ 1/2-1/2

[Event "SWE-ch Masters 2019"]
[Site "Eskilstuna"]
[Date "2019.07.10"]
[Round "5.9"]
[White "Adellian, Yashar"]
[Black "Gromark, Per-Olof"]
[Result "0-1"]
[ECO "B22"]
[WhiteElo "1995"]
[BlackElo "1909"]
[Annotator "NA"]
[PlyCount "74"]
[EventDate "2019.07.06"]
[EventType "swiss"]
[EventCountry "SWE"]
[SourceTitle "playchess.com"]
[Source "ChessBase"]
[SourceQuality "1"]
[TimeControl "40/5400+30:1800+30"]

1. e4 c5 2. c3 Nf6 3. e5 Nd5 4. d4 cxd4 5. cxd4 e6 6. Nc3 Nxc3 7. bxc3 Qc7 8. Bd2 d6 9. f4 g6 10. Nf3 Bg7 11. Bd3 O-O 12. O-O b6 13. Qe2 Bb7 14. Ng5 Nd7 15. Qg4 Rfe8 16. Rae1 Nf8 17. h4 Bd5 18. Qe2 f5 19. c4 Bb7 20. Bb4 dxe5 21. fxe5 Qd8 22. Bd6 h6 23. Nf3 Bxf3 24. Qxf3 Qxh4 25. d5 Qd4+ 26. Kh1 Nd7 27. dxe6 Nc5 28. Bxc5 Qxc5 29. g4 Rf8 30. gxf5 gxf5 31. Qd5 Qe7 32. Bxf5 Rad8 33. Qg2 Rxf5 34. Rxf5 Qh4+ 35. Kg1 Qxe1+ 36. Rf1 Qe3+ 37. Kh1 Qxe5 0-1

[Event "SWE-ch Masters 2019"]
[Site "Eskilstuna"]
[Date "2019.07.10"]
[Round "5.10"]
[White "Hellstrom, Magnus"]
[Black "Bannoura, Jeries"]
[Result "1-0"]
[ECO "B06"]
[WhiteElo "2061"]
[BlackElo "1976"]
[Annotator "NA"]
[PlyCount "74"]
[EventDate "2019.07.06"]
[EventType "swiss"]
[EventCountry "SWE"]
[SourceTitle "playchess.com"]
[Source "ChessBase"]
[SourceQuality "1"]
[TimeControl "40/5400+30:1800+30"]

1. e4 d6 2. d4 g6 3. Nf3 Bg7 4. Be3 Nc6 5. Nc3 Bg4 6. Qd2 Bxf3 7. gxf3 e5 8. dxe5 Nxe5 9. Be2 Ne7 10. f4 N5c6 11. O-O-O Qd7 12. Kb1 O-O-O 13. h4 h5 14. Bf1 Kb8 15. Bh3 f5 16. Nd5 Qe6 17. Rhe1 Qf7 18. Bg2 fxe4 19. Bxe4 Nf5 20. Qd3 Rhe8 21. f3 Re6 22. Bf2 Nfe7 23. Rg1 Nf5 24. Qb5 Ncd4 25. Qa4 c5 26. c3 Nc6 27. Qc2 Nfe7 28. Qb3 Nf5 29. Qc2 Nfe7 30. Ka1 Bh6 31. Qb3 Nc8 32. Ne3 N8e7 33. f5 gxf5 34. Nxf5 Na5 35. Qb5 Nxf5 36. Qxa5 Ree8 37. Bxc5 Rxe4 1-0

[Event "SWE-ch Masters 2019"]
[Site "Eskilstuna"]
[Date "2019.07.11"]
[Round "6.1"]
[White "Nikolic, Vladan"]
[Black "Landgren, Andreas"]
[Result "1-0"]
[ECO "E04"]
[WhiteElo "2153"]
[BlackElo "2246"]
[Annotator "ChessBase"]
[PlyCount "55"]
[EventDate "2019.07.06"]
[EventType "swiss"]
[EventCountry "SWE"]
[SourceTitle "playchess.com"]
[Source "ChessBase"]
[SourceQuality "1"]
[TimeControl "40/5400+30:1800+30"]

1. Nf3 d5 2. g3 Nf6 3. Bg2 e6 4. O-O c5 5. d4 Nc6 6. c4 dxc4 7. Qa4 Bd7 8. Qxc4 cxd4 9. Nxd4 Rc8 10. Nc3 Nxd4 11. Qxd4 Bc5 12. Qh4 O-O 13. Bxb7 Rb8 14. Bf3 Rb4 15. Qg5 Bd4 16. Qd2 Qc7 17. Nd1 Rfb8 18. Rb1 Qe5 19. b3 Qf5 20. Ba3 R4b5 21. Qxd4 Qxb1 22. Nc3 Qf5 23. Nxb5 Rxb5 24. Be7 Nd5 25. Qxa7 Bc6 26. Rc1 Nxe7 27. Qxe7 Qg5 28. Qxg5 1-0

[Event "SWE-ch Masters 2019"]
[Site "Eskilstuna"]
[Date "2019.07.11"]
[Round "6.2"]
[White "Crevatin, Leo"]
[Black "Olsson, Svante"]
[Result "1-0"]
[ECO "E85"]
[WhiteElo "2146"]
[BlackElo "2155"]
[Annotator "ChessBase"]
[PlyCount "91"]
[EventDate "2019.07.06"]
[EventType "swiss"]
[EventCountry "SWE"]
[SourceTitle "playchess.com"]
[Source "ChessBase"]
[SourceQuality "1"]
[TimeControl "40/5400+30:1800+30"]

1. d4 g6 2. c4 Bg7 3. Nc3 d6 4. e4 Nf6 5. f3 O-O 6. Nge2 Nc6 7. Be3 Re8 8. Qd2 e5 9. d5 Ne7 10. Ng3 h5 11. h4 Bd7 12. Bd3 a6 13. O-O c5 14. Rab1 Kh7 15. b4 b6 16. a4 Neg8 17. bxc5 bxc5 18. Rb3 Qc7 19. Rfb1 Reb8 20. Qb2 Rxb3 21. Qxb3 Bh6 22. Bxh6 Kxh6 23. Qb6 Qxb6 24. Rxb6 Ne8 25. a5 Ra7 26. Bc2 Ne7 27. Ba4 Bxa4 28. Nxa4 g5 29. Nxc5 gxh4 30. Nf5+ Nxf5 31. exf5 Rc7 32. Ne4 Rxc4 33. Rxa6 Kg7 34. Nxd6 Rc1+ 35. Kh2 Nf6 36. Ra7 Nxd5 37. Rxf7+ Kh6 38. a6 Ra1 39. a7 Ra2 40. Nb5 h3 41. Rf8 Rxg2+ 42. Kh1 Rc2 43. a8=Q Rc1+ 44. Kh2 Rc2+ 45. Kg3 Rg2+ 46. Kh4 1-0

[Event "SWE-ch Masters 2019"]
[Site "Eskilstuna"]
[Date "2019.07.11"]
[Round "6.3"]
[White "Zadruzny, Nicolaj"]
[Black "Eriksson, Jorgen"]
[Result "1-0"]
[ECO "B11"]
[WhiteElo "2280"]
[BlackElo "2211"]
[Annotator "NA"]
[PlyCount "73"]
[EventDate "2019.07.06"]
[EventType "swiss"]
[EventCountry "SWE"]
[SourceTitle "playchess.com"]
[Source "ChessBase"]
[SourceQuality "1"]
[TimeControl "40/5400+30:1800+30"]

1. e4 c6 2. Nf3 d5 3. Nc3 Nf6 4. e5 Ne4 5. d4 Nxc3 6. bxc3 e6 7. Bd3 Be7 8. h4 f6 9. exf6 gxf6 10. Qe2 c5 11. c4 dxc4 12. Bxc4 cxd4 13. O-O Nc6 14. Bxe6 Bxe6 15. Qxe6 Qd7 16. Qxd7+ Kxd7 17. Rd1 Rhd8 18. Nxd4 Ke8 19. Be3 Nxd4 20. Rxd4 Rxd4 21. Bxd4 b6 22. c3 Rc8 23. Kf1 Kf7 24. Ke2 Bc5 25. Kd3 Bxd4 26. cxd4 Ke6 27. Re1+ Kd6 28. g4 Rg8 29. f3 Rg7 30. Rg1 Kd5 31. Rb1 Ke6 32. Rb5 Kd6 33. Rh5 Kd7 34. Rh6 Rf7 35. Ke4 Kc6 36. g5 Kb5 37. gxf6 1-0

[Event "SWE-ch Masters 2019"]
[Site "Eskilstuna"]
[Date "2019.07.11"]
[Round "6.4"]
[White "Jogstad, Daniel"]
[Black "Wahlund, Max"]
[Result "0-1"]
[ECO "C10"]
[WhiteElo "2154"]
[BlackElo "2100"]
[Annotator "ChessBase"]
[PlyCount "48"]
[EventDate "2019.07.06"]
[EventType "swiss"]
[EventCountry "SWE"]
[SourceTitle "playchess.com"]
[Source "ChessBase"]
[SourceQuality "1"]
[TimeControl "40/5400+30:1800+30"]

1. e4 e6 2. d4 d5 3. Nd2 dxe4 4. Nxe4 Nd7 5. Nf3 Ngf6 6. Nxf6+ Nxf6 7. Bd3 c5 8. c3 cxd4 9. cxd4 Bb4+ 10. Bd2 Bxd2+ 11. Qxd2 O-O 12. O-O b6 13. Qf4 Bb7 14. Rad1 Qd5 15. Bb1 Rac8 16. Rfe1 Qh5 17. Ne5 Nd5 18. Qg3 g5 19. Nf3 f6 20. Rxe6 Nf4 21. Ree1 Rfe8 22. Bf5 Rxe1+ 23. Rxe1 Re8 24. Qg4 Bxf3 0-1

[Event "SWE-ch Masters 2019"]
[Site "Eskilstuna"]
[Date "2019.07.11"]
[Round "6.5"]
[White "Engstrom, Kaj"]
[Black "Olsson, William"]
[Result "1-0"]
[ECO "B70"]
[WhiteElo "2234"]
[BlackElo "2113"]
[Annotator "NA"]
[PlyCount "91"]
[EventDate "2019.07.06"]
[EventType "swiss"]
[EventCountry "SWE"]
[SourceTitle "playchess.com"]
[Source "ChessBase"]
[SourceQuality "1"]
[TimeControl "40/5400+30:1800+30"]

1. e4 c5 2. Nf3 d6 3. d4 cxd4 4. Nxd4 Nf6 5. Nc3 g6 6. Be2 Bg7 7. Nb3 Nc6 8. g4 h5 9. g5 Nd7 10. f4 Nb6 11. Be3 Be6 12. Nd4 Bd7 13. O-O Bh3 14. Rf2 Na5 15. Bb5+ Bd7 16. f5 Nc6 17. f6 exf6 18. gxf6 Bf8 19. Nd5 Nxd5 20. exd5 Ne5 21. Qe2 a6 22. Bxd7+ Kxd7 23. Bg5 Qb6 24. c3 Re8 25. Qf1 Qc5 26. Qg2 Ng4 27. Rd2 Re5 28. Bf4 Rf5 29. Rf1 g5 30. b4 Qa7 31. h3 gxf4 32. hxg4 Rg5 33. Rxf4 Rhg8 34. Kf1 hxg4 35. Re2 R8g6 36. Qh1 Rh6 37. Re7+ Kd8 38. Qe4 g3 39. Re8+ Kd7 40. Rxf8 g2+ 41. Qxg2 Rxg2 42. Rxf7+ Ke8 43. Re7+ Kd8 44. Ne6+ Kc8 45. Re8+ Kd7 46. Rd8# 1-0

[Event "SWE-ch Masters 2019"]
[Site "Eskilstuna"]
[Date "2019.07.11"]
[Round "6.6"]
[White "Lind, Jan-Olov"]
[Black "Tiger-Norqvist, Axel"]
[Result "0-1"]
[ECO "C44"]
[WhiteElo "2155"]
[BlackElo "2222"]
[Annotator "NA"]
[PlyCount "170"]
[EventDate "2019.07.06"]
[EventType "swiss"]
[EventCountry "SWE"]
[SourceTitle "playchess.com"]
[Source "ChessBase"]
[SourceQuality "1"]
[TimeControl "40/5400+30:1800+30"]

1. e4 Nf6 2. d3 d5 3. Nd2 e5 4. Ngf3 Nc6 5. Be2 Bc5 6. O-O O-O 7. c3 a5 8. b3 Bg4 9. Qc2 d4 10. c4 Qe7 11. a3 Nd8 12. h3 Bd7 13. Qd1 Ne8 14. Ne1 Bd6 15. Ndf3 f6 16. Nc2 Nf7 17. Bd2 c5 18. Nfe1 Nc7 19. Bg4 g6 20. Bxd7 Qxd7 21. Qf3 Ne6 22. Qg3 Nf4 23. Bxf4 exf4 24. Qf3 Rfe8 25. Qd1 b6 26. Nf3 Ra7 27. Rb1 Rea8 28. Qe2 Re8 29. Qd1 Qc6 30. Qd2 Kg7 31. Rb2 Rae7 32. Re1 Bc7 33. Rbb1 Nd6 34. a4 Nf7 35. Qd1 Qd7 36. Nh2 h5 37. f3 Re5 38. Kf2 Bd6 39. Ke2 Be7 40. Kd2 f5 41. Kc1 Bh4 42. Re2 g5 43. Kb2 Nh6 44. Qg1 Kf8 45. Nf1 g4 46. Qh2 Bg5 47. Nd2 Qg7 48. Rf1 Kg8 49. Ka2 Nf7 50. Qh1 Nd6 51. g3 fxe4 52. gxf4 Bxf4 53. fxe4 Qh6 54. Qg2 g3 55. Nf3 R5e7 56. h4 Rg7 57. Ng1 Nf7 58. Nh3 Bd6 59. Kb2 Ne5 60. Ne1 Be7 61. Rf5 Bxh4 62. Kc2 Ng4 63. Nf4 Bg5 64. Nd5 h4 65. Nf3 Rf8 66. Rxf8+ Kxf8 67. Qh3 Bd8 68. e5 Qe6 69. Kb2 Qf5 70. Ne1 Ne3 71. Qxf5+ Nxf5 72. Nf4 Rg4 73. Nh3 Ne3 74. Ng2 Nxg2 75. Rxg2 Bg5 76. Kc2 Be3 77. Kd1 Rg7 78. Ke2 Rf7 79. Ke1 Ke7 80. Re2 Rf5 81. Rg2 Ke6 82. Ng1 Bxg1 83. Rxg1 Rf2 84. Rh1 g2 85. Rg1 Ra2 0-1

[Event "SWE-ch Masters 2019"]
[Site "Eskilstuna"]
[Date "2019.07.11"]
[Round "6.7"]
[White "Olsson, Simon"]
[Black "Hellstrom, Magnus"]
[Result "1-0"]
[ECO "A45"]
[WhiteElo "2176"]
[BlackElo "2061"]
[Annotator "NA"]
[PlyCount "63"]
[EventDate "2019.07.06"]
[EventType "swiss"]
[EventCountry "SWE"]
[SourceTitle "playchess.com"]
[Source "ChessBase"]
[SourceQuality "1"]
[TimeControl "40/5400+30:1800+30"]

1. d4 Nf6 2. Bg5 c5 3. Bxf6 gxf6 4. d5 Qb6 5. Qc1 f5 6. c4 Bg7 7. Nc3 d6 8. e3 Nd7 9. Qc2 Ne5 10. h3 Bd7 11. f4 Ng6 12. Bd3 e5 13. dxe6 fxe6 14. Nge2 O-O-O 15. O-O-O h5 16. g4 hxg4 17. hxg4 Ne7 18. gxf5 exf5 19. Ng3 Qa6 20. Kb1 Kb8 21. Nd5 Rxh1 22. Rxh1 Re8 23. Rh7 Nxd5 24. cxd5 Qa5 25. Rxg7 Rxe3 26. Ne2 Ba4 27. b3 Bb5 28. Bxb5 Qxb5 29. Rg2 Qb4 30. Qxf5 Qe1+ 31. Nc1 c4 32. Qf8+ 1-0

[Event "SWE-ch Masters 2019"]
[Site "Eskilstuna"]
[Date "2019.07.11"]
[Round "6.8"]
[White "Emmoth, Alfons"]
[Black "Gromark, Per-Olof"]
[Result "1/2-1/2"]
[ECO "D63"]
[WhiteElo "2075"]
[BlackElo "1909"]
[Annotator "NA"]
[PlyCount "53"]
[EventDate "2019.07.06"]
[EventType "swiss"]
[EventCountry "SWE"]
[SourceTitle "playchess.com"]
[Source "ChessBase"]
[SourceQuality "1"]
[TimeControl "40/5400+30:1800+30"]

1. d4 d5 2. c4 e6 3. Nc3 Nf6 4. Bg5 Be7 5. e3 Nbd7 6. Nf3 h6 7. Bh4 O-O 8. Rc1 c5 9. cxd5 Nxd5 10. Bxe7 Nxe7 11. e4 b6 12. Bc4 Bb7 13. O-O cxd4 14. Nxd4 Ne5 15. Be2 a6 16. Qa4 b5 17. Qa3 N7c6 18. Nxc6 Nxc6 19. Rfd1 Qg5 20. Qd6 Rfd8 21. Qc7 Qe7 22. Qxe7 Nxe7 23. f3 Nc6 24. Rxd8+ Rxd8 25. Rd1 Rxd1+ 26. Nxd1 Nd4 27. Kf2 1/2-1/2

[Event "SWE-ch Masters 2019"]
[Site "Eskilstuna"]
[Date "2019.07.11"]
[Round "6.9"]
[White "Cramling Bellon, Anna"]
[Black "Carlsson, Andreas"]
[Result "1/2-1/2"]
[ECO "A90"]
[WhiteElo "2030"]
[BlackElo "2019"]
[Annotator "NA"]
[PlyCount "139"]
[EventDate "2019.07.06"]
[EventType "swiss"]
[EventCountry "SWE"]
[SourceTitle "playchess.com"]
[Source "ChessBase"]
[SourceQuality "1"]
[TimeControl "40/5400+30:1800+30"]

1. d4 e6 2. c4 f5 3. g3 Nf6 4. Bg2 d5 5. Nf3 c6 6. Qc2 Bd6 7. O-O O-O 8. Ne1 b6 9. Nd3 Bb7 10. b3 Qe7 11. Bb2 Nbd7 12. a4 a5 13. Na3 Rfc8 14. e3 g5 15. c5 Bc7 16. cxb6 Bxb6 17. Nc5 Ra7 18. Nxb7 Rxb7 19. Nb5 Qf8 20. Rfc1 Rbb8 21. Nc3 Qh6 22. Ba3 Kf7 23. Bd6 Ra8 24. Qd3 Ne4 25. Nxe4 fxe4 26. Qe2 Qg6 27. f3 Nf6 28. fxe4 Nxe4 29. Bxe4 dxe4 30. Rf1+ Ke8 31. Rac1 Kd7 32. Be5 Bd8 33. Qf2 Be7 34. Qf7 Rf8 35. Qxg6 hxg6 36. g4 Rac8 37. Bg7 Rg8 38. Bf6 Rb8 39. Bxe7 Kxe7 40. Rc3 Rb6 41. Rfc1 Kd7 42. Kf2 Rf8+ 43. Ke2 Rh8 44. Rh1 Rh3 45. Kd2 Rb8 46. Kc1 Rf8 47. Kd1 Rf2 48. Rc2 Rxc2 49. Kxc2 Rxe3 50. h4 gxh4 51. Rxh4 Rg3 52. g5 Rxg5 53. Rxe4 Kd6 54. Kc3 c5 55. dxc5+ Rxc5+ 56. Kd4 Rg5 57. Kc4 Rc5+ 58. Kd4 e5+ 59. Kd3 Kd5 60. Rg4 Rc6 61. b4 axb4 62. Rxb4 g5 63. Rg4 Rg6 64. a5 Ra6 65. Rxg5 Rxa5 66. Rg4 Ra3+ 67. Ke2 e4 68. Rg8 Kd4 69. Rd8+ Ke5 70. Re8+ 1/2-1/2

[Event "SWE-ch Masters 2019"]
[Site "Eskilstuna"]
[Date "2019.07.11"]
[Round "6.10"]
[White "Sivhed, Johan"]
[Black "Adellian, Yashar"]
[Result "1/2-1/2"]
[ECO "C10"]
[WhiteElo "2023"]
[BlackElo "1995"]
[Annotator "NA"]
[PlyCount "53"]
[EventDate "2019.07.06"]
[EventType "swiss"]
[EventCountry "SWE"]
[SourceTitle "playchess.com"]
[Source "ChessBase"]
[SourceQuality "1"]
[TimeControl "40/5400+30:1800+30"]

1. e4 e6 2. d4 d5 3. Nc3 Be7 4. Nf3 Nf6 5. e5 Ne4 6. Bd3 Nxc3 7. bxc3 c5 8. O-O Nc6 9. Re1 O-O 10. Bf4 Qa5 11. a4 f6 12. exf6 Rxf6 13. Bd2 Qd8 14. Ne5 Nxe5 15. dxe5 Rf7 16. c4 Bg5 17. Bxg5 Qxg5 18. g3 Rb8 19. h4 Qe7 20. Qh5 g6 21. Qg4 Kh8 22. f4 Rg7 23. a5 Bd7 24. Qg5 Bc6 25. Kf2 d4 26. Qxe7 Rxe7 27. Rab1 1/2-1/2

[Event "SWE-ch Masters 2019"]
[Site "Eskilstuna"]
[Date "2019.07.11"]
[Round "6.10"]
[White "Bannoura, Jeries"]
[Black "Adellian, Yashar"]
[Result "*"]
[ECO "C10"]
[WhiteElo "1976"]
[BlackElo "1995"]
[Annotator "NA"]
[PlyCount "24"]
[EventDate "2019.07.06"]
[EventType "swiss"]
[EventCountry "SWE"]
[SourceTitle "playchess.com"]
[Source "ChessBase"]
[SourceQuality "1"]
[TimeControl "40/5400+30:1800+30"]

1. e4 e6 2. d4 d5 3. Nc3 Be7 4. Nf3 Nf6 5. e5 Ne4 6. Bd3 Nxc3 7. bxc3 c5 8. O-O Nc6 9. Re1 O-O 10. Bf4 Qa5 11. a4 f6 12. exf6 Rxf6 *

[Event "SWE-ch Masters 2019"]
[Site "Eskilstuna"]
[Date "2019.07.12"]
[Round "7.1"]
[White "Nikolic, Vladan"]
[Black "Crevatin, Leo"]
[Result "1/2-1/2"]
[ECO "D30"]
[WhiteElo "2153"]
[BlackElo "2146"]
[Annotator "NA"]
[PlyCount "60"]
[EventDate "2019.07.06"]
[EventType "swiss"]
[EventCountry "SWE"]
[SourceTitle "playchess.com"]
[Source "ChessBase"]
[SourceQuality "1"]
[TimeControl "40/5400+30:1800+30"]

1. d4 d5 2. c4 e6 3. Nf3 a6 4. e3 Nf6 5. b3 b6 6. Bb2 Bb7 7. Bd3 Nbd7 8. O-O Bd6 9. Nbd2 O-O 10. Ne5 Ne4 11. Rc1 Nxe5 12. dxe5 Bb4 13. Nf3 c5 14. Qe2 Qe7 15. Rfd1 Rfd8 16. Ne1 f5 17. exf6 Nxf6 18. Nf3 dxc4 19. Rxc4 b5 20. Rf4 Bxf3 21. gxf3 Ba5 22. Rh4 e5 23. Kh1 Rd7 24. Qc2 h6 25. Bf5 Rxd1+ 26. Qxd1 Rd8 27. Qa1 Bc7 28. Kg2 Kf8 29. Qc1 Bd6 30. Bb1 Qf7 1/2-1/2

[Event "SWE-ch Masters 2019"]
[Site "Eskilstuna"]
[Date "2019.07.12"]
[Round "7.2"]
[White "Landgren, Andreas"]
[Black "Zadruzny, Nicolaj"]
[Result "0-1"]
[ECO "E32"]
[WhiteElo "2246"]
[BlackElo "2280"]
[Annotator "NA"]
[PlyCount "84"]
[EventDate "2019.07.06"]
[EventType "swiss"]
[EventCountry "SWE"]
[SourceTitle "playchess.com"]
[Source "ChessBase"]
[SourceQuality "1"]
[TimeControl "40/5400+30:1800+30"]

1. d4 Nf6 2. c4 e6 3. Nc3 Bb4 4. Qc2 O-O 5. a3 Bxc3+ 6. Qxc3 b6 7. Bg5 Bb7 8. e3 d6 9. Ne2 Nbd7 10. Qc2 c5 11. Rd1 h6 12. Bh4 Qe7 13. Nc3 cxd4 14. Rxd4 Rad8 15. f3 e5 16. Rd2 e4 17. f4 g5 18. fxg5 Ng4 19. Nd1 hxg5 20. Bg3 Nde5 21. Be2 Nf3+ 22. gxf3 exf3 23. O-O fxe2 24. Rxe2 f5 25. h3 Ne5 26. Ref2 Be4 27. Qc3 Qh7 28. Bxe5 Qxh3 29. Re2 dxe5 30. Qxe5 Qh1+ 31. Kf2 Qg2+ 32. Ke1 Rxd1+ 33. Kxd1 Qxf1+ 34. Kd2 Rd8+ 35. Kc3 Rd3+ 36. Kb4 Qxe2 37. Qe6+ Kg7 38. Qe7+ Kh6 39. Qf8+ Kh5 40. Qh8+ Kg4 41. Ka4 Bc6+ 42. Kb4 a5# 0-1

[Event "SWE-ch Masters 2019"]
[Site "Eskilstuna"]
[Date "2019.07.12"]
[Round "7.3"]
[White "Wahlund, Max"]
[Black "Tiger-Norqvist, Axel"]
[Result "0-1"]
[ECO "E81"]
[WhiteElo "2100"]
[BlackElo "2222"]
[Annotator "NA"]
[PlyCount "66"]
[EventDate "2019.07.06"]
[EventType "swiss"]
[EventCountry "SWE"]
[SourceTitle "playchess.com"]
[Source "ChessBase"]
[SourceQuality "1"]
[TimeControl "40/5400+30:1800+30"]

1. d4 Nf6 2. c4 g6 3. Nc3 Bg7 4. e4 O-O 5. Be3 d6 6. f3 c5 7. Nge2 Nc6 8. d5 Ne5 9. Ng3 h5 10. Be2 h4 11. Nf1 e6 12. f4 Nxc4 13. Bxc4 b5 14. Bxb5 exd5 15. exd5 h3 16. Qd2 Rb8 17. a4 a6 18. Bc6 Ne4 19. Nxe4 Rxb2 20. Qd3 hxg2 21. Rg1 gxf1=Q+ 22. Qxf1 Bf5 23. Nd2 c4 24. Rc1 c3 25. Nc4 Qh4+ 26. Rg3 Rxh2 27. Qf3 Bd3 28. Bg1 Re2+ 29. Kd1 Bxc4 30. Rxc3 Bxc3 31. Qxc3 Qxf4 32. Rf3 Qe4 33. Rh3 Qb1+ 0-1

[Event "SWE-ch Masters 2019"]
[Site "Eskilstuna"]
[Date "2019.07.12"]
[Round "7.4"]
[White "Olsson, Svante"]
[Black "Engstrom, Kaj"]
[Result "0-1"]
[ECO "A29"]
[WhiteElo "2155"]
[BlackElo "2234"]
[Annotator "NA"]
[PlyCount "74"]
[EventDate "2019.07.06"]
[EventType "swiss"]
[EventCountry "SWE"]
[SourceTitle "playchess.com"]
[Source "ChessBase"]
[SourceQuality "1"]
[TimeControl "40/5400+30:1800+30"]

1. c4 e5 2. Nc3 Nf6 3. Nf3 Nc6 4. g3 h6 5. Bg2 Bc5 6. O-O d6 7. Ne1 a5 8. Nc2 O-O 9. a3 Bf5 10. Ne3 Bd7 11. Rb1 Qc8 12. Ned5 Nxd5 13. Nxd5 Re8 14. b4 axb4 15. axb4 Ba7 16. b5 Ne7 17. b6 Bxb6 18. Nxb6 cxb6 19. Rxb6 Bc6 20. Qb3 Qg4 21. Bf3 Qh3 22. Ba3 Nf5 23. Bb2 Re6 24. Rxc6 bxc6 25. Bxc6 Rc8 26. Bg2 Qg4 27. Bd5 Rg6 28. Qb7 Rf8 29. e3 h5 30. Bf3 Qg5 31. d4 h4 32. Qe4 hxg3 33. fxg3 Qxe3+ 34. Rf2 Rb8 35. Qxe3 Nxe3 36. c5 dxc5 37. dxc5 Re6 0-1

[Event "SWE-ch Masters 2019"]
[Site "Eskilstuna"]
[Date "2019.07.12"]
[Round "7.5"]
[White "Eriksson, Jorgen"]
[Black "Olsson, Simon"]
[Result "1/2-1/2"]
[ECO "E04"]
[WhiteElo "2211"]
[BlackElo "2176"]
[Annotator "NA"]
[PlyCount "82"]
[EventDate "2019.07.06"]
[EventType "swiss"]
[EventCountry "SWE"]
[SourceTitle "playchess.com"]
[Source "ChessBase"]
[SourceQuality "1"]
[TimeControl "40/5400+30:1800+30"]

1. d4 Nf6 2. Nf3 d5 3. c4 e6 4. g3 Nc6 5. Bg2 dxc4 6. O-O Rb8 7. Qc2 b5 8. b3 Nb4 9. Qd1 cxb3 10. axb3 a6 11. Ne5 Bb7 12. Bxb7 Rxb7 13. Ba3 Rb6 14. Qc1 Qc8 15. Rd1 Bd6 16. Bxb4 Bxb4 17. Nd3 Be7 18. Nd2 O-O 19. b4 Rd8 20. e3 Nd7 21. Nb3 Bf6 22. Ra2 Rd6 23. Rc2 c6 24. Na5 Nb8 25. Nc5 Rd5 26. Ne4 Be7 27. Rxc6 Nxc6 28. Nxc6 Bf8 29. Nxd8 Qxd8 30. Qb1 a5 31. bxa5 Qxa5 32. Qb3 b4 33. Rb1 e5 34. Nc5 Qa8 35. Qxb4 exd4 36. exd4 Qd8 37. Qb8 Rxd4 38. Qxd8 Rxd8 39. Ne4 f5 40. Ng5 Be7 41. h4 Bxg5 1/2-1/2

[Event "SWE-ch Masters 2019"]
[Site "Eskilstuna"]
[Date "2019.07.12"]
[Round "7.6"]
[White "Gromark, Per-Olof"]
[Black "Jogstad, Daniel"]
[Result "1-0"]
[ECO "E60"]
[WhiteElo "1909"]
[BlackElo "2154"]
[Annotator "NA"]
[PlyCount "129"]
[EventDate "2019.07.06"]
[EventType "swiss"]
[EventCountry "SWE"]
[SourceTitle "playchess.com"]
[Source "ChessBase"]
[SourceQuality "1"]
[TimeControl "40/5400+30:1800+30"]

1. Nf3 d6 2. d4 Nf6 3. g3 g6 4. Bg2 Bg7 5. b3 O-O 6. Bb2 c6 7. c4 Ne4 8. Nbd2 Qa5 9. O-O Nxd2 10. Nxd2 Qh5 11. e4 Qxd1 12. Raxd1 c5 13. e5 cxd4 14. exd6 e5 15. f4 f6 16. fxe5 fxe5 17. Bd5+ Kh8 18. Rxf8+ Bxf8 19. c5 Nc6 20. Nc4 Bh3 21. Bxc6 bxc6 22. Nxe5 Bg7 23. Bxd4 Rc8 24. Nc4 Re8 25. Bxg7+ Kxg7 26. d7 Rd8 27. Ne5 a6 28. Nxc6 Rxd7 29. Rxd7+ Bxd7 30. Nd4 Kf6 31. Kf2 Ke5 32. Ke3 Kd5 33. b4 g5 34. Kd3 Bg4 35. a3 h5 36. h4 gxh4 37. gxh4 Bd7 38. Kc3 Bg4 39. Nc2 Ke4 40. c6 Ke5 41. a4 Kd6 42. b5 Kc5 43. Nd4 axb5 44. axb5 Bh3 45. Kd3 Bg2 46. Ke3 Bd5 47. c7 Bb7 48. Nf5 Kxb5 49. Ne7 Kb6 50. c8=Q Bxc8 51. Nxc8+ Kc7 52. Ne7 Kd6 53. Ng6 Ke6 54. Kf4 Kf6 55. Ne5 Ke6 56. Nf3 Kf6 57. Nd2 Ke6 58. Kg5 Ke5 59. Kxh5 Kf5 60. Kh6 Kf6 61. h5 Kf7 62. Kh7 Kf6 63. Ne4+ Kf7 64. h6 Kf8 65. Ng5 1-0

[Event "SWE-ch Masters 2019"]
[Site "Eskilstuna"]
[Date "2019.07.12"]
[Round "7.7"]
[White "Carlsson, Andreas"]
[Black "Lind, Jan-Olov"]
[Result "0-1"]
[ECO "B27"]
[WhiteElo "2019"]
[BlackElo "2155"]
[Annotator "NA"]
[PlyCount "84"]
[EventDate "2019.07.06"]
[EventType "swiss"]
[EventCountry "SWE"]
[SourceTitle "playchess.com"]
[Source "ChessBase"]
[SourceQuality "1"]
[TimeControl "40/5400+30:1800+30"]

1. e4 c5 2. Nf3 g6 3. d4 cxd4 4. Qxd4 Nf6 5. Nc3 Nc6 6. Qa4 d6 7. e5 Ng4 8. Bb5 Ngxe5 9. Nxe5 dxe5 10. O-O Bd7 11. Rd1 a6 12. Bxc6 bxc6 13. Bg5 h6 14. Bh4 Bg7 15. Ne4 O-O 16. Nc5 Ra7 17. Rd2 Qe8 18. Rad1 Bf5 19. g4 Bc8 20. h3 g5 21. Bg3 e6 22. f3 Qe7 23. Bf2 f5 24. Qxc6 e4 25. fxe4 fxg4 26. e5 Bxe5 27. Qe4 Bg7 28. Rd6 e5 29. Qd5+ Kh8 30. Qc6 Kh7 31. Ne6 Bxe6 32. Rxe6 Qf7 33. Bxa7 Qxa7+ 34. Qb6 Qf7 35. hxg4 Qf3 36. Rd2 Qxg4+ 37. Rg2 Qd1+ 38. Kh2 Qh5+ 39. Kg1 Qd1+ 40. Kh2 Rf1 41. Qe3 Qh5+ 42. Kg3 Qh4# 0-1

[Event "SWE-ch Masters 2019"]
[Site "Eskilstuna"]
[Date "2019.07.12"]
[Round "7.8"]
[White "Olsson, William"]
[Black "Emmoth, Alfons"]
[Result "0-1"]
[ECO "D00"]
[WhiteElo "2113"]
[BlackElo "2075"]
[Annotator "NA"]
[PlyCount "92"]
[EventDate "2019.07.06"]
[EventType "swiss"]
[EventCountry "SWE"]
[SourceTitle "playchess.com"]
[Source "ChessBase"]
[SourceQuality "1"]
[TimeControl "40/5400+30:1800+30"]

1. d4 Nf6 2. Nf3 g6 3. Nc3 d5 4. Bf4 Bg7 5. e3 O-O 6. Be2 c6 7. Ne5 Nfd7 8. h4 f6 9. Ng4 e5 10. Bh6 e4 11. Bf4 Nb6 12. Nh6+ Kh8 13. g4 g5 14. hxg5 fxg5 15. Be5 Qe7 16. Bxg7+ Kxg7 17. Rh5 Qf6 18. Rh2 Qd6 19. Rh3 Rf6 20. Nf5+ Bxf5 21. gxf5 Rxf5 22. Bg4 Rf6 23. Ke2 N8d7 24. Qh1 Rh6 25. Rg1 Rxh3 26. Qxh3 h6 27. Rh1 Rf8 28. Nd1 Rf6 29. c3 Nf8 30. Qh5 Qe7 31. Qh3 Nc4 32. f3 exf3+ 33. Bxf3 Qe6 34. Bg4 Qe4 35. Rh2 Ne6 36. Bxe6 Qxe6 37. Qg3 Qf5 38. Qg1 Qf3+ 39. Ke1 Qe4 40. b3 Nd6 41. Kd2 Qb1 42. Ke1 Ne4 43. Rb2 Qc1 44. c4 Rf3 45. cxd5 cxd5 46. Ke2 Rf2+ 0-1